 Dungeon Crawl Stone Soup version 0.18.1-48-g4cf74bf (webtiles) character file.

38924 TuxedoFelix the Cruncher (level 13, 0/119 HPs)
             Began as a Minotaur Berserker on July 16, 2016.
             Was a High Priest of Trog.
             Slain by Polyphemus (3 damage)
             ... on level 2 of the Shoals.
             The game lasted 02:38:29 (19521 turns).

TuxedoFelix the Cruncher (Minotaur Berserker)      Turns: 19521, Time: 02:38:29

Health: 0/119      AC: 32    Str: 26    XL:     13   Next: 66%
Magic:  12/12      EV:  2    Int:  6    God:    Trog [*****.]
Gold:   1146       SH:  0    Dex: 11    Spells: 0 memorised, 12 levels left

rFire  + . .     SeeInvis +     z - +2 halberd (protect)
rCold  . . .     Gourm    .     M - +1 plate armour
rNeg   + + +     Faith    .     (shield currently unavailable)
rPois  ∞         Spirit   .     F - +3 crown of Dyrovepreva {rElec Int+2 SInv}
rElec  +         Dismiss  .     h - +1 cloak {+Inv}
rCorr  .         Reflect  .     (no gloves)
SustAt .         Harm     .     m - +2 pair of boots
MR     .....                    p - amulet of regeneration
Stlth  ..........               q - ring of poison resistance
                                S - +4 ring of evasion

@: exhausted, petrified, slowed, not resistant to hostile enchantments,
extremely unstealthy
A: retaliatory headbutt, horns 2, thin metallic scales 1, fire resistance 1,
sense surroundings 1
a: Berserk, Trog's Hand, Brothers in Arms, Burn Spellbooks, Renounce Religion,
Evoke Invisibility


You were on level 2 of the Shoals.
You worshipped Trog.
Trog was extremely pleased with you.
You were not hungry.

You visited 4 branches of the dungeon, and saw 18 of its levels.

You collected 1146 gold pieces.

Inventory:

Hand Weapons
 b - a +5 quarterstaff of chaos
 k - a +3 battleaxe of electrocution
 z - a +2 halberd of protection (weapon)
 D - a +1 antimagic glaive
Missiles
 g - 2 exploding tomahawks (quivered)
 N - 6 silver javelins
Armour
 h - a +1 cloak of invisibility (worn)
 m - a +2 pair of boots (worn)
 F - the +3 crown of Dyrovepreva (worn) {rElec Int+2 SInv}
   (You found it on level 6 of the Dungeon)

   It affects your intelligence (+2).
   It insulates you from electricity.
   It lets you see invisible.
 M - a +1 plate armour (worn)
Jewellery
 p - an amulet of regeneration (around neck)
 q - a ring of poison resistance (right hand)
 s - an uncursed amulet of magic regeneration
 y - an uncursed ring of protection from fire
 S - a +4 ring of evasion (left hand)
Wands
 l - a wand of confusion (34/48)
 r - a wand of slowing (30/48)
 v - a wand of lightning (4/15)
 I - a wand of polymorph (10/24)
 J - a wand of disintegration (0/24)
 P - a wand of paralysis (5/24)
Scrolls
 f - a scroll of holy word {unknown}
 i - 6 scrolls of teleportation
 B - 2 scrolls of fear
 C - 10 scrolls of remove curse
 O - a scroll of summoning
 V - a scroll of enchant armour
 W - a scroll of immolation {unknown}
 X - a scroll of noise {unknown}
 Z - 2 scrolls of recharging
Potions
 a - 2 potions of lignification {unknown}
 d - 3 potions of agility
 e - a potion of flight {unknown}
 j - 2 potions of might
 n - 2 potions of berserk rage
 o - 4 potions of curing
 u - 2 potions of brilliance {unknown}
 w - a potion of haste {unknown}
 x - 2 potions of resistance {unknown}
 H - a potion of invisibility {unknown}
Comestibles
 c - 5 bread rations
 G - 12 fruits
 K - 5 royal jellies
 Q - 6 meat rations


   Skills:
 + Level 12.8 Fighting
 - Level 5.0(8.4) Axes
 * Level 10.5(14.2) Polearms
 + Level 14.9(16.0) Staves
 + Level 12.2 Armour
 + Level 11.2 Dodging


You had 12 spell levels left.
You didn't know any spells.

Dungeon Overview and Level Annotations

Branches:
Dungeon (11/15)            Temple (1/1) D:5            Lair (4/8) D:10
 Shoals (2/4) Lair:4
  Snake: Lair:3-6    Spider: Lair:3-6       Orc: D:9-12

Altars:
Ashenzari
Cheibriados
Dithmenos
Fedhas
Gozag
Kikubaaqudgha
Makhleb
Nemelex Xobeh
Okawaru
Pakellas
Qazlal
Ru
Sif Muna
Trog
Vehumet
Xom
Yredelemnul
Zin
The Shining One

Shops:
Shoals:1 :

Annotations:
Shoals:2 Polyphemus


Innate Abilities, Weirdness & Mutations

You reflexively headbutt those who attack you in melee.
You have a pair of horns on your head.
You are partially covered in thin metallic scales (AC +2).
Your flesh is heat resistant.
You passively map a small area around you.


Message History

You are engulfed in calcifying dust.
The catoblepas completely misses you. Polyphemus hits you!
* * * LOW HITPOINT WARNING * * *
Polyphemus hits you!
* * * LOW HITPOINT WARNING * * *
You are engulfed in calcifying dust.
The catoblepas gores you.
* * * LOW HITPOINT WARNING * * *
Polyphemus hits you.
* * * LOW HITPOINT WARNING * * *
Polyphemus hits you but does no damage. The catoblepas gores you!!
* * * LOW HITPOINT WARNING * * *
Polyphemus hits you but does no damage. x2
The catoblepas gores you but does no damage.
Polyphemus hits you!
* * * LOW HITPOINT WARNING * * *
Polyphemus barely misses you.
The catoblepas breathes a plume of calcifying dust at you.
The blast of calcifying dust hits you! Polyphemus hits you.
You die...

≈≈≈≈≈≈≈≈≈≈≈≈≈≈≈≈≈≈≈≈
≈≈≈≈≈≈≈≈≈≈≈≈≈≈≈≈≈≈≈.
≈
≈≈≈≈≈≈≈≈≈≈≈≈PP≈PP(≈≈
≈≈≈≈≈≈≈≈≈≈≈≈≈≈≈≈≈≈≈≈
≈≈≈≈≈≈≈≈≈≈≈≈≈.≈≈≈...
≈ , ≈
≈≈≈≈≈≈≈≈≈≈..........
≈
≈≈≈≈≈≈≈≈≈.>.§((.....
≈
≈≈≈≈≈≈≈≈.[(#§C.P##..
≈ ≈ ≈
≈≈≈≈≈.......@†..# ≈
≈≈≈(.....≈(cY≈..# ,
≈≈≈≈.###.............
≈ ≈≈≈. #.......≈≈..≈.
≈ ,
≈≈≈.###..###..≈≈≈≈≈≈
≈ ≈
≈≈≈≈.....###..≈≈≈≈≈≈
≈≈≈≈≈.........≈≈≈≈≈≈
≈≈≈≈≈≈....#..≈≈≈≈≈≈≈
≈ ≈≈≈≈≈≈≈≈≈≈..## .≈≈
≈


You could see Polyphemus, a catoblepas and a centaur (petrified).

Vanquished Creatures
  A kraken (Shoals:1)
  2 merfolk impalers (Shoals:1)
  The ghost of Aquadorian the Brawler, a journeyman TrMo of Okawaru (D:9)
  A hydra (Lair:2)
  A death yak (Shoals:2)
  2 sea snakes (Shoals:1)
  An unseen horror (D:11)
  2 hill giants
  2 harpies (Shoals:1)
  A manticore (D:11)
  A griffon (Shoals:2)
  A cyclops (D:11)
  4 sirens (Shoals:1)
  2 black mambas
  2 water nymphs (Shoals:1)
  A centaur zombie (D:11)
  8 spiny frogs
  2 rime drakes
  5 komodo dragons
  6 merfolk
  3 trolls
  4 blink frogs (Lair:4)
  A snapping turtle (Shoals:1)
  A wyvern (Lair:4)
  A vampire (D:8)
  A wraith (D:11)
  18 yaks
  3 basilisks
  5 hippogriffs
  Menkaure (D:5)
  Edmund (D:5)
  8 water moccasins
  6 porcupines
  4 ice beasts
  An orc warrior (D:8)
  2 sky beasts (D:6)
  2 black bears
  10 ogres
  2 eyes of draining
  3 phantoms
  11 wolves (Lair:1)
  2 centaurs
  11 crocodiles
  2 big kobolds
  10 giant frogs
  5 scorpions
  14 killer bees (D:8)
  9 wights (D:8)
  A giant frog zombie (D:4)
  5 howler monkeys
  6 crimson imps
  4 hounds
  8 orc priests
  A giant frog skeleton (D:7)
  Crazy Yiuf (D:2)
  2 jellies
  8 orc wizards
  A centaur skeleton (D:10)
  9 iguanas
  6 worker ants
  6 sheep (Lair:4)
  A killer bee zombie (D:9)
  2 hound zombies (D:10)
  A hound skeleton (D:6)
  A mummy (D:5)
  A howler monkey zombie (D:8)
  2 worker ant zombies
  11 gnolls
  11 adders
  A howler monkey skeleton (D:5)
  35 river rats
  3 shadow imps
  3 adder skeletons
  3 worms
  3 dart slugs
  7 giant geckos
  26 orcs
  2 ball pythons (D:1)
  A bat (shapeshifter) (D:8)
  4 bats
  6 giant cockroaches
  11 goblins
  4 hobgoblins (D:1)
  11 jackals
  11 kobolds
  2 quokkas
  A giant cockroach zombie (D:6)
  7 giant newts
  A hobgoblin zombie (D:5)
  An orc zombie (D:5)
  A quokka skeleton (D:4)
  6 rats
  A fungus (Lair:4)
  A plant (D:10)
  4 tentacles (Shoals:1)
431 creatures vanquished.

Vanquished Creatures (collateral kills)
  Donald (Shoals:2)
  A merfolk impaler (Shoals:2)
  A hydra (Lair:3)
  3 death yaks (Shoals:2)
  A sea snake (Shoals:2)
  3 harpies (Shoals:1)
  A cyclops (Shoals:2)
  A griffon (Shoals:1)
  A water nymph (Shoals:2)
  Joseph (D:7)
  2 sirens (Shoals:2)
  2 merfolk
  A snapping turtle (Shoals:2)
  A crimson imp (D:7)
  A howler monkey (D:7)
  A hound (D:7)
  A jelly (D:7)
  An iguana (D:7)
  2 sheep (Shoals:2)
  A worker ant zombie (D:7)
  A giant gecko (D:7)
  2 orcs (D:7)
  A plant (Shoals:1)
31 creatures vanquished.

Vanquished Creatures (others)
  A hippogriff (Shoals:2)
  An ogre (D:5)
  A fungus (Lair:4)
  5 plants
  3 tentacles (Shoals:1)
  137 tentacle segments (Shoals:1)
148 creatures vanquished.

Grand Total: 610 creatures vanquished

Notes
Turn   | Place    | Note
--------------------------------------------------------------
     0 | D:1      | TuxedoFelix the Minotaur Berserker began the quest for the Orb.
     0 | D:1      | Reached XP level 1. HP: 19/19 MP: 0/0
   233 | D:1      | Reached XP level 2. HP: 27/27 MP: 1/1
  1098 | D:1      | Reached XP level 3. HP: 19/33 MP: 2/2
  1670 | D:2      | Reached ** piety under Trog
  1745 | D:2      | Noticed Crazy Yiuf
  1752 | D:2      | Killed Crazy Yiuf
  1752 | D:2      | Reached skill level 5 in Axes
  1752 | D:2      | Reached XP level 4. HP: 25/41 MP: 3/3
  2338 | D:2      | Found an opulent altar of Gozag.
  2699 | D:2      | Reached skill level 1 in Staves
  2985 | D:3      | Reached skill level 2 in Staves
  2985 | D:3      | Reached XP level 5. HP: 39/47 MP: 4/4
  3064 | D:3      | Reached skill level 5 in Fighting
  3191 | D:3      | Reached skill level 3 in Staves
  3217 | D:3      | Reached XP level 6. HP: 56/56 MP: 5/5
  3772 | D:4      | Reached skill level 4 in Staves
  3795 | D:4      | Found a shimmering altar of Xom.
  3813 | D:4      | Found a snail-covered altar of Cheibriados.
  3969 | D:4      | Reached XP level 7. HP: 46/62 MP: 6/6
  3973 | D:4      | Reached skill level 5 in Staves
  4579 | D:4      | Reached skill level 5 in Armour
  4735 | D:5      | Entered Level 5 of the Dungeon
  4850 | D:5      | Reached skill level 6 in Staves
  4858 | D:5      | Reached *** piety under Trog
  4858 | D:5      | Reached XP level 8. HP: 53/71 MP: 7/7
  5104 | D:5      | Noticed Menkaure
  5116 | D:5      | Killed Menkaure
  5185 | D:5      | Found a staircase to the Ecumenical Temple.
  5203 | Temple   | Entered the Ecumenical Temple
  5459 | D:5      | Noticed Edmund
  5470 | D:5      | Killed Edmund
  5470 | D:5      | Reached skill level 7 in Staves
  5598 | D:5      | Reached skill level 5 in Dodging
  6222 | D:6      | Reached skill level 8 in Staves
  6339 | D:6      | Reached XP level 9. HP: 79/79 MP: 8/8
  6427 | D:6      | Reached **** piety under Trog
  6932 | D:7      | Noticed Joseph
  6967 | D:7      | Killed Joseph
  6967 | D:7      | Reached skill level 9 in Staves
  7689 | D:8      | Noticed a queen bee
  7726 | D:8      | a queen bee changed into a basilisk
  7729 | D:8      | Reached skill level 10 in Staves
  7731 | D:8      | Received a gift from Trog
  7911 | D:8      | Noticed a hill giant
  7925 | D:8      | Killed a hill giant
  7925 | D:8      | Reached XP level 10. HP: 77/90 MP: 9/9
  8014 | D:8      | Reached ***** piety under Trog
  8274 | D:8      | Received a gift from Trog
  8403 | D:8      | Reached skill level 11 in Staves
  9366 | D:9      | Found a shattered altar of Ashenzari.
  9645 | D:9      | Noticed Aquadorian's ghost (journeyman TrMo)
  9658 | D:9      | Killed Aquadorian's ghost
  9805 | D:9      | Reached skill level 12 in Staves
  9977 | D:9      | Reached skill level 10 in Fighting
 10036 | D:9      | Found a sparkling altar of Nemelex Xobeh.
 10180 | D:10     | Entered Level 10 of the Dungeon
 10243 | D:10     | Found a staircase to the Lair.
 10705 | D:10     | Reached XP level 11. HP: 99/99 MP: 10/10
 11518 | D:11     | Noticed a hill giant
 11522 | D:11     | Killed a hill giant
 11630 | D:11     | Received a gift from Trog
 12062 | D:11     | Reached skill level 13 in Staves
 12575 | D:11     | Noticed an unseen horror
 12623 | D:11     | Killed an unseen horror
 12666 | D:10     | Reached skill level 10 in Armour
 12693 | Lair:1   | Entered Level 1 of the Lair of Beasts
 12764 | Lair:1   | Reached skill level 1 in Polearms
 13700 | Lair:1   | Reached XP level 12. HP: 62/110 MP: 11/11
 14489 | Lair:2   | Reached skill level 5 in Polearms
 14526 | Lair:2   | Noticed a seven-headed hydra
 14533 | Lair:2   | Killed an 11-headed hydra
 14576 | Lair:2   | Reached skill level 14 in Staves
 14887 | Lair:2   | Gained mutation: You passively map a small area around you. [potion of mutation]
 14887 | Lair:2   | Gained mutation: You are partially covered in thin metallic scales (AC +2). [potion of mutation]
 14887 | Lair:2   | Gained mutation: Your flesh is heat resistant. [potion of mutation]
 15372 | Lair:3   | Reached skill level 10 in Dodging
 15474 | Lair:3   | Found an oddly glowing altar of Pakellas.
 15633 | Lair:3   | Reached ****** piety under Trog
 16284 | Lair:3   | Noticed a five-headed hydra
 16296 | Lair:3   | Killed a nine-headed hydra
 16861 | Lair:4   | Received a gift from Trog
 17645 | Lair:4   | Found a staircase to the Shoals.
 17815 | Shoals:1 | Entered Level 1 of the Shoals
 17936 | Shoals:1 | Noticed a kraken
 17958 | Shoals:1 | Killed a kraken
 17958 | Shoals:1 | Reached XP level 13. HP: 118/118 MP: 12/12
 18198 | Shoals:1 | Noticed a merfolk impaler
 18214 | Shoals:1 | Killed a merfolk impaler
 18424 | Shoals:1 | Found Ichogokh's Book Emporium.
 18476 | Shoals:1 | Received a gift from Trog
 18604 | Shoals:1 | Noticed a merfolk impaler
 18622 | Shoals:1 | Killed a merfolk impaler
 19346 | Shoals:2 | Noticed a merfolk impaler
 19350 | Shoals:2 | Noticed Donald
 19359 | Shoals:2 | Killed Donald
 19359 | Shoals:2 | Reached skill level 10 in Polearms
 19367 | Shoals:2 | Killed a merfolk impaler
 19461 | Shoals:2 | Noticed Polyphemus
 19520 | Shoals:2 | HP: 2/119 [Polyphemus (4)]
 19521 | Shoals:2 | Slain by Polyphemus

Skill      XL: |  1  2  3  4  5  6  7  8  9 10 11 12 13 |
---------------+----------------------------------------+-----
Axes           | 4 5 |  5.0
Fighting       | 4 5 6 7 8 10 11 12 | 12.8
Armour         | 3 4 5 6 8 9 10 11 12 | 12.2
Staves         | 2 3 4 6 8 10 12 13 14 | 14.9
Dodging        | 3 4 5 7 8 9 10 11 | 11.2
Polearms       | 3 8 10 | 10.5

Action                   |  1- 3 |  4- 6 |  7- 9 | 10-12 | 13-15 || total
-------------------------+-------+-------+-------+-------+-------++-------
Melee: Hand axe          |    43 |       |       |       |       ||    43
       Headbutt          |     9 |     9 |    46 |   167 |    39 ||   270
       Quarterstaff      |       |    71 |   252 |   300 |       ||   623
       Halberd           |       |       |       |   469 |   164 ||   633
Throw: Throwing net      |       |       |     2 |       |     5 ||     7
       Javelin           |       |       |       |    80 |     2 ||    82
       Tomahawk          |       |       |       |       |     3 ||     3
Invok: Berserk           |     1 |       |     2 |     4 |     1 ||     8
       Trog's Hand       |       |       |     1 |     2 |       ||     3
       Brothers in Arms  |       |       |     1 |     1 |     4 ||     6
       Burn Spellbooks   |       |       |       |     5 |       ||     5
Evoke: Wand              |       |       |     1 |     5 |     7 ||    13
  Use: Scroll            |     2 |     5 |     9 |     5 |    10 ||    31
       Potion            |       |       |     1 |     5 |     4 ||    10
 Stab: Held in net/web   |       |       |     3 |       |       ||     3
       Confused          |       |       |       |     2 |       ||     2
       Paralysed         |       |       |       |     4 |       ||     4
       Petrified         |       |       |       |       |     2 ||     2
       Distracted        |       |       |       |       |     1 ||     1
  Eat: Bread ration      |     1 |       |     1 |     1 |       ||     3
       Meat ration       |       |     2 |       |     6 |     1 ||     9
       Beef jerky        |       |       |     3 |     1 |       ||     4
       Royal jelly       |       |       |     1 |     2 |       ||     3
Armor: Animal skin       |     3 |       |       |       |       ||     3
       Ring mail         |     4 |    26 |    73 |       |       ||   103
       Chain mail        |       |       |    45 |     1 |       ||    46
       Plate armour      |       |       |       |   443 |   156 ||   599
Dodge: Dodged            |    29 |    60 |   155 |   502 |   125 ||   871
